 Dungeon Crawl Stone Soup version 0.30-a0-639-g3916f1956a (webtiles) character file.

Game seed: 12413959758458717805

37 themarg the Caller (level 3, -16/24 HPs)
             Began as a Barachi Summoner on Jan 16, 2023.
             Killed from afar by Natasha (20 damage)
             ... with a bolt of dispelling energy
             ... on level 2 of the Dungeon.
             The game lasted 00:04:37 (1296 turns).

themarg the Caller (Barachi Summoner)               Turns: 1296, Time: 00:04:38

Health: -16/24     AC:  4    Str:  9    XL:     3   Next: 41%
Magic:  1/7        EV: 12    Int: 17    God:
Gold:   100        SH:  5    Dex: 12    Spells: 1/7 levels left

rFire   . . .      SeeInvis .    k - +2 spear (venom)
rCold   . . .      Faith    .    (no shield)
rNeg    . . .      Spirit   .    a - +0 robe
rPois   .          Reflect  +    (no helmet)
rElec   .          Harm     .    (no cloak)
rCorr   .          Rampage  +    (no gloves)
Will    .....                    i - +1 pair of boots {rampage}
Stlth   ++                       h - amulet of reflection
HPRegen 0.24/turn                (no ring)
MPRegen 0.10/turn                (no ring)

@: slow
A: amphibious, slowness 1, strong legs 1, +LOS
a: Hop


You were on level 2 of the Dungeon.
You visited 1 branch of the dungeon, and saw 2 of its levels.

You collected 100 gold pieces.

Inventory:

Hand Weapons
 j - a +0 dagger
 k - a +2 spear of venom (weapon)
Missiles
 f - 9 poisoned darts
Armour
 a - a +0 robe (worn)
 i - a +1 pair of boots of rampaging (worn)
Jewellery
 h - an amulet of reflection (around neck)
Scrolls
 d - a scroll of noise {unknown}
 e - 4 scrolls of identify {unknown}
Potions
 b - 2 potions of magic
 c - 3 potions of curing {unknown}
 g - 2 potions of flight {unknown}


   Skills:
 - Level 2.1 Dodging
 + Level 2.4 Stealth
 + Level 2.9 Spellcasting
 + Level 5.3 Summonings


You had one spell level left.
You knew the following spells:

 Your Spells              Type           Power      Damage    Failure   Level
a - Summon Small Mammal   Summ           80%        N/A       1%          1
b - Call Imp              Summ           20%        N/A       3%          2
c - Call Canine Familiar  Summ           20%        N/A       6%          3

Your spell library contained the following spells:

 Spells                   Type           Power      Damage    Failure   Level
 Summon Guardian Golem    Hex/Summ       11%        N/A       19%         3
 Summon Lightning Spire   Summ/Air       11%        N/A       52%         4


Dungeon Overview and Level Annotations

Branches:
Dungeon (2/15)

Altars:

Annotations:
D:2 Natasha


Innate Abilities, Weirdness & Mutations

You are amphibious.
You cover ground slowly.
You can hop short distances.
You have an extended range of vision and can be seen from far away.


Message History

Your quokka bites the worm.
Reach: k) +2 spear (venom)
Press: ? - help, Dir - move target, f/p - worm
Aim: a worm (heavily wounded, very poisoned, ally target, about 21% to evade your +2 spear of venom)
You reach to attack!
You hit the worm.
The worm looks as sick as possible!
The worm is almost dead.
You kill the worm!
e - 4 scrolls labelled BUONWI NEUFU (gained 1)
You swap places.
You see here a worm corpse.
Natasha is nearby!
The spell is quite dangerous to miscast (6% risk of failure)!
Continue anyway?
You block Natasha's attack.
You swap places.
Your quokka barely misses Natasha.
Natasha zaps a wand.
The bolt of dispelling energy hits your quokka!
Your quokka dies!
Your quokka's corpse disappears in a puff of smoke!
The bolt of dispelling energy misses you.
The bolt of dispelling energy hits your hound!
You swap places.
Your hound bites Natasha.
Natasha misses your hound.
Your hound barely misses Natasha.
Natasha claws your hound.
Your hound dies!
Your hound's corpse disappears in a puff of smoke!
The spell is quite dangerous to miscast (6% risk of failure)!
Continue anyway?
Natasha mumbles some strange words.
Natasha zaps a wand.
The bolt of dispelling energy hits you!
The bolt of dispelling energy hits your hound!
You swap places.
Your hound bites Natasha.
Natasha zaps a wand.
The bolt of dispelling energy misses your hound.
The bolt of dispelling energy hits you!
Ouch! That really hurt!
* * * LOW HITPOINT WARNING * * *
Okay, then.
Your hound bites Natasha.
Natasha zaps a wand.
The bolt of dispelling energy hits your hound!!
Your hound dies!
Your hound's corpse disappears in a puff of smoke!
The bolt of dispelling energy hits you!!
Ouch! That really hurt!
You die...

### #.. #.# #.# ##
#.# #. # #.# #.
#:#########)# #.
#.5h§..@..#.# #.
#.#######.#.#######
#. # #.........# #.
######<##.# #.
##[##.# #. #...#.##
#. #......# #.
#...#§.# #. #
#####..# #.


You could see Natasha and a crimson imp (summoned).

Vanquished Creatures
  A worm (D:2)
  2 goblins
3 creatures vanquished.

Vanquished Creatures (collateral kills)
  2 dart slugs (D:1)
  4 bats (D:1)
  5 endoplasms (D:1)
  2 giant cockroaches (D:1)
  2 goblins (D:1)
  2 hobgoblins (D:1)
  A ball python (D:1)
  4 frilled lizards
  2 kobolds (D:1)
24 creatures vanquished.

Grand Total: 27 creatures vanquished

Notes
Turn   | Place    | Note
-------+----------+-------------------------------------------
     0 | D:1      | themarg the Barachi Summoner began the quest for the Orb.
     0 | D:1      | Reached XP level 1. HP: 13/13 MP: 3/3
     1 | D:1      | Noticed an ogre
     2 | D:1      | Noticed a demigod
    13 | D:1      | Noticed a gargoyle
    13 | D:1      | Noticed a spriggan
    15 | D:1      | Noticed a demonspawn zombie
    82 | D:1      | Reached skill level 5 in Summonings
    82 | D:1      | Reached XP level 2. HP: 13/19 MP: 1/5
    85 | D:1      | Learned a level 2 spell: Call Imp
   532 | D:1      | Reached XP level 3. HP: 24/24 MP: 1/7
  1082 | D:2      | Noticed Natasha
  1153 | D:1      | Learned a level 3 spell: Call Canine Familiar
  1296 | D:2      | Killed from afar by Natasha

Illustrated notes

Levels and vault maps discovered:
D:1:      shiori_arrival_whats_in_store_for_you, layout_basic
D:2:      layout_loops_ring, uniq_natasha

Skill      XL: |  1 |
---------------+----+-----
Stealth        | 2 |  2.4
Summonings     | 5 |  5.3
Dodging        | |  2.1
Spellcasting   | |  2.9

Action                   || total
-------------------------++-------
Melee: Unarmed           ||     8
       Spear             ||     7
 Cast: Summon Small Mamm ||    33
       Call Imp          ||     3
       Call Canine Famil ||     2
Armor: Robe              ||     3
Dodge: Dodged            ||    12
Block: Other             ||     1

Table legend: (Time is in decaauts)
 A = Elapsed time spent in this place.
 B = Non-inter-level travel time spent in this place.
 C = Inter-level travel time spent in this place.
 D = Time resting spent in this place.
 E = Time spent auto-exploring this place.
 F = Levels seen in this place.
 G = Mean time per level.
                   A        B        C        D        E       F      G
               +--------+--------+--------+--------+--------+-----+--------+
         Total |   1458 |   1392 |     66 |     64 |   1054 |   2 |  729.0 |
       Dungeon |   1458 |   1392 |     66 |     64 |   1054 |   2 |  729.0 |
               +--------+--------+--------+--------+--------+-----+--------+

Top non-repeatable levels by time:
     D:1: 1315 daAuts
     D:2: 142 daAuts
